 Dungeon Crawl Stone Soup version 0.31.0-11-ge490571c62 (webtiles) character file.

Game seed: 7531644990867517618

12455 Minsecho the Toxicologist (level 12, -2/86 HPs)
             Began as a Formicid Alchemist on Feb 7, 2024.
             Slain by a yak (7 damage)
             ... on level 10 of the Dungeon.
             The game lasted 00:46:28 (12301 turns).

Minsecho the Toxicologist (Formicid Alchemist)     Turns: 12301, Time: 00:46:29

Health: -2/86      AC: 12    Str: 17    XL:     12   Next: 20%
Magic:  22/23      EV: 11    Int: 16    God:
Gold:   944        SH:  0    Dex: 14    Spells: 10/26 levels left

rFire   + + .        G - +3 glaive (flame)
rCold   . . .        (no shield)
rNeg    . . .        J - +2 scale mail {rF+}
rPois   .            (helmet unavailable)
rElec   .            (no cloak)
rCorr   +            o - +2 pair of gloves
SInv    +            (no boots)
Will    +....        M - amulet of magic regeneration
Stlth   +            m - ring of resist corrosion
HPRegen 0.34/turn    r - ring of protection from fire
MPRegen 0.58/turn

%: no passive effects
@: invisible
A: permanent stasis, dig shafts and tunnels, antennae 3, four strong arms
a: Dig, Shaft Self


You were on level 10 of the Dungeon.
You visited 2 branches of the dungeon, and saw 12 of its levels.
You also visited: Sewer and Bailey.

You collected 1272 gold pieces.
You spent 328 gold pieces at shops.

Inventory:

Hand Weapons
 f - a +0 war axe of protection
 t - a +0 vampiric dagger
 A - the +0 trident of Spores {heavy, rPois Int+4 Dex-3 SInv}
   (You found it on level 10 of the Dungeon)

   Int+4:     It affects your intelligence (+4).
   Dex-3:     It affects your dexterity (-3).
   rPois:     It protects you from poison SInv: It lets you see invisible.
 C - a +2 whip of electrocution
 F - a +5 battleaxe
 G - a +3 glaive of flaming (weapon)
Missiles
 i - 5 curare-tipped darts
 E - 6 javelins
Armour
 a - a +2 plate armour of poison resistance
 d - a +1 leather armour
 o - a +2 pair of gloves (worn)
 H - +0 acid dragon scales
 I - +0 steam dragon scales
 J - a +2 scale mail of fire resistance (worn)
Jewellery
 c - a ring of flight
 m - a ring of resist corrosion (left hand)
 r - a ring of protection from fire (right hand)
 L - a ring of protection from cold
 M - an amulet of magic regeneration (around neck)
Wands
 k - a wand of flame (12)
 u - a wand of polymorph (19)
 x - a wand of paralysis (10)
 K - a wand of acid (5)
Scrolls
 g - a scroll of immolation
 l - 2 scrolls of enchant weapon
 n - 2 scrolls of amnesia
 q - 5 scrolls of enchant armour
 y - a scroll of revelation
 z - 3 scrolls of fog
 B - 2 scrolls of noise
 N - a scroll of silence {unknown}
Potions
 b - 3 potions of magic
 e - a potion of experience {unknown}
 h - 4 potions of degeneration
 j - 3 potions of brilliance
 p - a potion of invisibility
 s - a potion of cancellation {unknown}
 v - 3 potions of mutation
 w - 2 potions of heal wounds {unknown}
 D - 3 potions of resistance
 P - 2 potions of enlightenment
 Q - 8 potions of ambrosia


   Skills:
 * Level 5.0 Fighting
 - Level 6.5(7.9) Axes
 * Level 6.9(8.1) Polearms
 * Level 5.2 Armour
 + Level 3.8 Dodging
 - Level 4.4 Stealth
 * Level 7.7 Spellcasting
 + Level 3.3 Conjurations
 * Level 4.4 Hexes
 - Level 3.0 Fire Magic
 + Level 0.7 Ice Magic
 - Level 3.0 Air Magic
 + Level 12.2 Alchemy
 + Level 0.2 Evocations


You had 10 spell levels left.
You knew the following spells:

 Your Spells              Type           Power      Damage    Failure   Level
a - Sting                 Conj/Alch      100%       1d9       1%          1
b - Mephitic Cloud        Conj/Alch/Air  26%        N/A       9%          3
c - Mercury Vapours       Alch/Air       60%        N/A       2%          2
d - Olgreb's Toxic Radia  Alch           45%        N/A       2%          4
e - Sticky Flame          Fire/Alch      30%        2d7       16%         4
f - Ensorcelled Hibernat  Hex/Ice        28%        N/A       19%         2

Your spell library contained the following spells:

 Spells                   Type           Power      Damage    Failure   Level
 Cigotuvi's Dreadful Rot  Necr/Alch/Air  44%        N/A       7%          2
 Static Discharge         Conj/Air       32%        3-5/arc   14%         2
 Passwall                 Erth           6%         N/A       71%         3
 Airstrike                Air            7%         2d(2-18)  71%         4
 Summon Lightning Spire   Summ/Air       11%        N/A       88%         4
 Dispel Undead            Necr           6%         3d8       98%         4
 Martyr's Knell           Necr/Summ      6%         N/A       98%         4
 Death Channel            Necr           3%         N/A       100%        6
 Swiftness                Air            Unusable   N/A       N/A         3

Dungeon Overview and Level Annotations

Branches:
Dungeon (11/15)            Temple (1/1) D:5            Lair (0/5) D:9
  Sewer (visited)          Bailey (visited)
    Orc: D:9-12

Altars:
Ashenzari
Cheibriados
Dithmenos
Elyvilon
Fedhas
Gozag
Hepliaklqana
Kikubaaqudgha
Makhleb
Nemelex Xobeh
Okawaru
Qazlal
Ru
Sif Muna
Trog
Uskayaw
Vehumet
Yredelemnul
Zin
The Shining One

Shops:
D:5 :   D:8 (*(

Annotations:
D:6 3 runed translucent doors, RancidPinata's ghost, weakling OpDe
D:10 2 runed translucent doors, ShellytheWitch's ghost, journeyman MfSh


Innate Abilities, Weirdness & Mutations

You cannot be hasted, slowed, berserked, paralysed or teleported.
You can dig through walls and to a lower floor.
You have a pair of large antennae on your head. (SInv)
Your four strong arms can wield two-handed weapons with a shield.


Message History

The yak is heavily wounded.
The yak looks even sicker.
Your toxic aura wanes.
The yak gores you but does no damage. x2
Unknown command.
You slice the yak!! You burn the yak.
You kill the yak!
Your Armour skill increases to level 5!
Unknown command.
You hit the yak. You burn the yak.
The yak is heavily wounded.
The yak gores you but does no damage. The yak gores you!
The yak barely misses you. x2
Casting: Olgreb's Toxic Radiance (dangerous; 2% risk of failure)
Confirm with . or Enter, or press ? or * to list all spells.
You begin to radiate toxic energy.
The yak looks even sicker. x3
The yak gores you! The yak gores you but does no damage.
Unknown command.
You hit the yak. You burn the yak. You punch the yak, but do no damage.
The yak is almost dead.
The yak looks even sicker. x2; The yak gores you. x2
You slice the yak!! You burn the yak.
You kill the yak!
The yak looks as sick as possible!
The yak looks even sicker.
You hit the yak. You burn the yak.
The yak is severely wounded.
Your toxic aura wanes.
The yak gores you!
* * * LOW HITPOINT WARNING * * *
The yak gores you.
* * * LOW HITPOINT WARNING * * *
The yak barely misses you. The yak attacks as it pursues you!
The yak gores you!
* * * LOW HITPOINT WARNING * * *
The yak gores you.
* * * LOW HITPOINT WARNING * * *
It was a potion of invisibility.
You fade into invisibility!
The yak gores you!
You die...

##.#.##...#.# #######+##
...#.....##.# ..........
##.....#..%..#
.........#. ...##.#.##..#
.....................#..#
.........+ #...#.)......#
...........##.##.#...#..#
.........#.......##.##.##
##'####### ###@......#
#.# #YY...#### #.###
#'##### #...# ...,
####'#### #....,
.......†# #.<...
†...†..†+ #......
.††.†.†.# +.......
...†....# #........


You could see 2 yaks.

Vanquished Creatures
  An orc warlord (Bailey)
  An ugly thing (D:9)
  Joseph (D:9)
  A gargoyle (D:8)
  Maggie (D:7)
  A queen bee (D:10)
  28 yaks
  2 steam dragons (D:7)
  Menkaure (D:6)
  An acid dragon (D:10)
  4 water moccasins
  6 orc warriors
  Duvessa (D:6)
  A black bear (shapeshifter) (D:9)
  2 ice beasts
  5 black bears
  An ogre (D:4)
  A crocodile (Sewer)
  2 centaurs
  3 kobold brigands
  A phantom (D:5)
  2 gnoll sergeants
  9 bullfrogs
  Dowan (D:6)
  38 killer bees
  A howler monkey (D:8)
  3 hounds
  2 bombardier beetles
  4 orc priests
  2 jellies
  A sleepcap (D:5)
  Jessica (D:3)
  6 orc wizards
  9 gnolls
  8 adders
  2 shadow imps
  2 ufetubi (D:7)
  3 dart slugs
  7 ribbon worms
  31 orcs
  10 endoplasms
  5 giant cockroaches
  6 goblins
  8 hobgoblins
  8 quokkas
  13 ball pythons
  4 bats
  7 frilled lizards
  19 kobolds
  14 rats
291 creatures vanquished.

Notes
Turn   | Place    | Note
-------+----------+-------------------------------------------
     0 | D:1      | Minsecho the Formicid Alchemist began the quest for the
                  | Orb.
     0 | D:1      | Reached XP level 1. HP: 13/13 MP: 3/3
   208 | D:1      | Reached XP level 2. HP: 12/19 MP: 0/5
   430 | D:1      | Learned a level 2 spell: Mercury Vapours
   471 | D:1      | Reached skill level 1 in Conjurations
   761 | D:1      | Reached XP level 3. HP: 24/24 MP: 6/6
  1615 | D:2      | Found a faded altar of an unknown god.
  2054 | D:3      | Reached XP level 4. HP: 28/31 MP: 4/8
  2089 | D:3      | Found a blossoming altar of Fedhas.
  2300 | D:3      | Noticed Jessica
  2302 | D:3      | Killed Jessica
  2303 | D:3      | Reached skill level 1 in Axes
  2303 | D:3      | Reached skill level 1 in Armour
  2484 | D:3      | Reached XP level 5. HP: 27/36 MP: 2/9
  2574 | D:3      | Reached skill level 1 in Fighting
  2680 | D:3      | Learned a level 3 spell: Mephitic Cloud
  3230 | D:4      | Reached skill level 5 in Alchemy
  3239 | D:4      | Noticed a black bear
  3343 | D:4      | Found a sparkling altar of Nemelex Xobeh.
  3404 | D:4      | Killed a black bear
  3405 | D:4      | Reached XP level 6. HP: 38/43 MP: 7/10
  3518 | D:4      | Learned a level 4 spell: Olgreb's Toxic Radiance
  3795 | D:4      | Reached XP level 7. HP: 48/48 MP: 9/12
  3885 | D:4      | Reached skill level 6 in Alchemy
  3938 | D:4      | Found an ancient bone altar of Kikubaaqudgha.
  4224 | D:4      | Found a radiant altar of Vehumet.
  4315 | D:5      | Entered Level 5 of the Dungeon
  4355 | D:5      | Found Higik's Tremendous Tomes.
  4476 | D:5      | Found a glowing drain.
  4511 | Sewer    | Entered a sewer
  5388 | Sewer    | Reached XP level 8. HP: 54/54 MP: 4/14
  5545 | D:5      | Found a shimmering blue altar of Sif Muna.
  5745 | D:5      | Found a staircase to the Ecumenical Temple.
  5754 | Temple   | Entered the Ecumenical Temple
  5878 | D:5      | Reached skill level 7 in Alchemy
  6251 | D:6      | Noticed Menkaure
  6416 | D:6      | Killed Menkaure
  6520 | D:6      | Found a snail-covered altar of Cheibriados.
  6585 | D:6      | Reached skill level 5 in Axes
  6755 | D:6      | Found a stormy altar of Qazlal.
  6786 | D:6      | Found a runed translucent gate.
  6786 | D:6      | Found an opulent altar of Gozag.
  6791 | D:6      | Found a runed translucent gate.
  6791 | D:6      | Found a runed translucent gate.
  6794 | D:6      | Noticed a yak
  6796 | D:6      | Noticed a wraith
  6796 | D:6      | Noticed RancidPinata's ghost (weakling OpDe)
  6796 | D:6      | Noticed a boulder beetle
  6838 | D:6      | Reached XP level 9. HP: 57/61 MP: 13/15
  6943 | D:6      | Noticed Dowan
  6944 | D:6      | Noticed Duvessa
  6953 | D:6      | Killed Duvessa
  6958 | D:6      | Killed Dowan
  6959 | D:6      | Reached skill level 8 in Alchemy
  7467 | D:7      | Noticed Maggie
  7482 | D:7      | Killed Maggie
  7483 | D:7      | Reached skill level 5 in Spellcasting
  7667 | D:7      | Reached skill level 9 in Alchemy
  7832 | D:7      | Found a flagged portal.
  7841 | Bailey   | Entered a bailey
  7903 | Bailey   | Noticed an orc warlord
  8034 | Bailey   | Reached XP level 10. HP: 53/70 MP: 1/18
  8174 | Bailey   | Found a runed translucent gate.
  8176 | Bailey   | Found a runed translucent gate.
  8177 | Bailey   | Found a runed translucent gate.
  8192 | Bailey   | Reached skill level 1 in Polearms
  8192 | Bailey   | Reached skill level 10 in Alchemy
  8391 | Bailey   | Killed an orc warlord
  8454 | Bailey   | Acquired 672 gold pieces
  8984 | D:7      | Learned a level 4 spell: Sticky Flame
  9017 | D:8      | Reached skill level 11 in Alchemy
  9123 | D:8      | Reached skill level 1 in Fire Magic
  9123 | D:8      | Reached skill level 1 in Air Magic
  9235 | D:8      | Found Daatuat's Weapon Emporium.
  9313 | D:8      | Found Pinud's Assorted Antiques.
  9321 | D:8      | Bought 2 fizzy black potions for 48 gold pieces
  9321 | D:8      | Bought an inky potion for 24 gold pieces
  9321 | D:8      | Bought a scroll of identify for 54 gold pieces
  9321 | D:8      | Bought a scroll of enchant armour for 202 gold pieces
  9356 | D:8      | Found Ammoled's Antique Weapon Shoppe.
  9381 | D:8      | Found a white marble altar of Elyvilon.
  9385 | D:8      | Noticed a gargoyle
  9393 | D:8      | Reached XP level 11. HP: 54/76 MP: 8/20
  9396 | D:8      | Reached skill level 5 in Polearms
  9759 | D:9      | Noticed Joseph
  9759 | D:9      | Noticed a brown ugly thing
  9911 | D:8      | Learned a level 2 spell: Ensorcelled Hibernation
  9928 | D:9      | Killed Joseph
  9930 | D:9      | Killed a cyan ugly thing
  9931 | D:9      | Reached skill level 1 in Hexes
 10737 | D:9      | Found a staircase to the Lair.
 11195 | D:10     | Entered Level 10 of the Dungeon
 11272 | D:10     | Identified the +0 trident of Spores {heavy, rPois Int+4
                  | Dex-3 SInv}
 11386 | D:10     | Reached skill level 12 in Alchemy
 11624 | D:10     | Reached XP level 12. HP: 84/84 MP: 17/23
 11673 | D:10     | Found an iron altar of Okawaru.
 11740 | D:10     | Found a large runed translucent door.
 11740 | D:10     | Found a large runed translucent door.
 11744 | D:10     | Noticed ShellytheWitch's ghost (journeyman MfSh)
 11955 | D:10     | Reached skill level 5 in Fighting
 12295 | D:10     | Reached skill level 5 in Armour
 12301 | D:10     | Slain by a yak

Illustrated notes

Levels and vault maps discovered:
D:1:      dpeg_arrival_rooms_with_view, layout_basic
D:2:      layout_loops_corners, shapermc_ecumenical_altar_petra
D:3:      layout_loops_ring, fedhas_altar_1, kennysheep_generic_room_14,
          uniq_jessica
D:4:      layout_loops_ring, nemelex_diamond_rough_becter, kennysheep_mini,
          mainiacjoe_overflow_alcove_2
D:5:      layout_gridville, kennysheep_little_box, lemuel_temple_firewalk_b,
          portal_sewer_entry_f, nicolae_shop_i_like_big_books
D:6:      layout_loops_ring, lemuel_round_altar, chei_slow_surprise,
          ebering_ghost_gozag, uniq_menkaure, uniq_duvessa
D:7:      layout_cave_pods, enter_bailey_8, uniq_maggie
D:8:      layout_rooms, mainiacjoe_overflow_alcove_1, serial_curves,
          eino_curves_04, eino_curves_01, serial_shops,
          nicolae_shop_behind_doors, nicolae_shop_hallway_stairs, shop
D:9:      layout_loops_ring, due_lair_maze_entry_diamond, uniq_joseph
D:10:     layout_roguey [special_room_bee], nicolae_overflow_hidden_temple,
          chequers_temple_overflow_statue_of_worship,
          ebering_ghost_disaster_area, hangedman_decor_clover_reticule
D:11:     layout_stronghold
Temple:   dpeg_chambers_temple

Skill      XL: |  1  2  3  4  5  6  7  8  9 10 11 12 |
---------------+-------------------------------------+-----
Conjurations   | 1 2 3 |  3.3
Dodging        | 2 3 |  3.8
Axes           | 1 2 3 5 6 |  6.5
Armour         | 1 2 3 4 5 |  5.2
Fighting       | 1 2 3 4 5 |  5.0
Stealth        | 3 4 |  4.4
Spellcasting   | 3 4 5 6 7 |  7.7
Alchemy        | 5 6 7 9 11 12 | 12.2
Polearms       | 4 6 |  6.9
Fire Magic     | 1 3 |  3.0
Air Magic      | 1 3 |  3.0
Hexes          | 4 |  4.4
Ice Magic      | |  0.7
Evocations     | |  0.2

Action                     |  1- 3 |  4- 6 |  7- 9 | 10-12 || total
---------------------------+-------+-------+-------+-------++-------
  Melee: Unarmed           |     9 |       |       |       ||     9
         Dagger            |     4 |       |       |       ||     4
         Punch             |     2 |     2 |     4 |     1 ||     9
         Rapier            |    85 |    64 |       |       ||   149
         War axe           |       |     1 |   176 |       ||   177
         Glaive            |       |       |    11 |   156 ||   167
   Cast: Sting             |    40 |    64 |   115 |    13 ||   232
         Olgreb's Toxic Ra |       |     1 |    15 |    45 ||    61
         Mephitic Cloud    |       |       |     2 |     1 ||     3
         Mercury Vapours   |       |       |     5 |     1 ||     6
         Ensorcelled Hiber |       |       |       |     7 ||     7
  Evoke: Wand              |       |       |     4 |    10 ||    14
    Use: Scroll            |       |       |    17 |     5 ||    22
         Potion            |       |       |     3 |     6 ||     9
   Stab: Sleeping          |     3 |     4 |     3 |     2 ||    12
         Confused          |       |       |     1 |       ||     1
         Paralysed         |       |       |    16 |     7 ||    23
 Armour: Robe              |     4 |       |       |       ||     4
         Leather armour    |    64 |    64 |   123 |       ||   251
         Acid dragon scale |       |       |    14 |    31 ||    45
         Scale mail        |       |       |       |   117 ||   117
         Plate armour      |       |       |       |    75 ||    75
  Dodge: Dodged            |    81 |    50 |   135 |   124 ||   390
